[Event "Titled Tuesday Blitz August 22 Late 2023"]
[White "Kramnik, Vladimir"]
[Black "luksona14"]
[WhiteFideId "4101588"]
[WhiteElo "2930"]
[BlackElo "2578"]
[Result "1-0"]
[Round "2"]
[TimeControl "180+1"]
[Date "2023.08.22"]
[WhiteClock "0:00:11"]
[BlackClock "0:00:36"]
[Board "32"]

1. e4 c5 2. Nf3 Nc6 3. Bb5 g6 4. O-O Bg7 5. d3 e5 6. a3 Nge7 7. b4 d6 8. bxc5 dxc5 9. Be3 b6 10. Nc3 O-O 11. Bc4 Nd4 12. Nd5 Be6 13. Nxd4 cxd4 14. Bg5 Bxd5 15. Bxd5 Rc8 16. Bb3 h6 17. Bd2 Qc7 18. f4 exf4 19. Bxf4 Qc5 20. Qf3 Nc6 21. Qh3 Kh7 22. Rf2 Ne5 23. Bxe5 Qxe5 24. Bxf7 Rc7 25. Raf1 Rfc8 26. Bb3 Qg5 27. Kh1 b5 28. g3 a5 29. Qg2 a4 30. Be6 Re8 31. h4 Qc5 32. Bf7 Ree7 33. Qh3 Qxa3 34. Bxg6+ Kg8 35. Qf5 Qc5 36. Bf7+ Kh8 37. Qg6 Qc6 38. Rf6 Qd7 39. Be6 Qd8 40. Rf8+ Qxf8 41. Rxf8+ 1-0


[Site "https://www.chess.com"]

[Event "Titled Tuesday Blitz August 22 Late 2023"]
[White "Dobrikov, Marco"]
[Black "Antipov, Mikhail Al."]
[WhiteFideId "12950378"]
[BlackFideId "4107012"]
[WhiteElo "2576"]
[BlackElo "2928"]
[Result "1-0"]
[Round "2"]
[TimeControl "180+1"]
[Date "2023.08.22"]
[WhiteClock "0:00:03"]
[BlackClock "0:00:00"]
[Board "33"]

1. c4 e5 2. Nf3 Nc6 3. e4 Nf6 4. Nc3 a5 5. a3 Bc5 6. Nxe5 O-O 7. Be2 Nxe5 8. d4 Bd6 9. c5 Bxc5 10. dxc5 d6 11. cxd6 cxd6 12. O-O Re8 13. f4 Neg4 14. Qd4 d5 15. e5 Ne4 16. Nxd5 Be6 17. Bxg4 Qxd5 18. Qxd5 Bxd5 19. Bf3 Bc6 20. Be3 f6 21. Rac1 f5 22. Rfd1 Red8 23. Bb6 Rxd1+ 24. Rxd1 Kf7 25. Be2 a4 26. Bc4+ Ke7 27. h3 h5 28. Kh2 g6 29. Bc7 Rc8 30. Bd6+ Ke8 31. Be6 Bd7 32. Bd5 Bc6 33. Be6 Bd7 34. Bd5 Bc6 35. Bxc6+ Rxc6 36. Rd4 Kf7 37. Bb4 Ke6 38. Rd8 Rc2 39. Re8+ Kd5 40. Re7 h4 41. Rxb7 Rxb2 42. Rd7+ Ke6 43. Re7+ Kd5 44. Rg7 Ng3 45. Rxg6 Nf1+ 46. Kg1 Ne3 47. e6 Re2 48. e7 Nc4 49. Rg7 1-0


[Site "https://www.chess.com"]

[Event "Titled Tuesday Blitz August 22 Late 2023"]
[White "Makarian, Rudik"]
[Black "Santos Flores, Alberto"]
[WhiteFideId "44105681"]
[BlackFideId "3601234"]
[WhiteElo "2928"]
[BlackElo "2576"]
[Result "1-0"]
[Round "2"]
[TimeControl "180+1"]
[Date "2023.08.22"]
[WhiteClock "0:00:44"]
[BlackClock "0:00:15"]
[Board "34"]

1. d4 d5 2. c4 c6 3. Nf3 Nf6 4. Qc2 g6 5. Nc3 Bf5 6. Qb3 Qb6 7. c5 Qc7 8. Bf4 Qc8 9. e3 Bg7 10. h3 Nbd7 11. Rc1 O-O 12. Be2 Ne4 13. O-O Re8 14. Nxe4 Bxe4 15. Nd2 Bf5 16. Bh2 e5 17. e4 dxe4 18. Bc4 Be6 19. Nxe4 Bxc4 20. Qxc4 Qc7 21. Nd6 Re7 22. Rce1 b6 23. f4 bxc5 24. fxe5 cxd4 25. e6 fxe6 26. Rxe6 1-0


[Site "https://www.chess.com"]

[Event "Titled Tuesday Blitz August 22 Late 2023"]
[White "Dragomirescu, Robin-Alexandru"]
[Black "Mikaelyan, Arman"]
[WhiteFideId "1213849"]
[BlackFideId "13304852"]
[WhiteElo "2575"]
[BlackElo "2922"]
[Result "0-1"]
[Round "2"]
[TimeControl "180+1"]
[Date "2023.08.22"]
[WhiteClock "0:00:27"]
[BlackClock "0:01:20"]
[Board "35"]

1. b3 b6 2. Bb2 Bb7 3. c4 e6 4. Nf3 Nf6 5. Nc3 d5 6. e3 Nbd7 7. Qc2 a6 8. Rd1 Bd6 9. cxd5 exd5 10. d4 O-O 11. Bd3 c5 12. h3 Re8 13. O-O Rc8 14. Qb1 c4 15. Bf5 b5 16. bxc4 dxc4 17. Ng5 g6 18. Nge4 Nxe4 19. Nxe4 Bb8 20. Nc5 Qc7 21. f4 Nxc5 22. Bxc8 Be4 23. Qc1 Nd3 24. Rxd3 Bxd3 25. Bxa6 Bxf1 26. Bxb5 Qb7 0-1


[Site "https://www.chess.com"]

[Event "Titled Tuesday Blitz August 22 Late 2023"]
[White "Kamsky, Gata"]
[Black "Kochiev, Ivan"]
[WhiteFideId "2000024"]
[BlackFideId "2917890"]
[WhiteElo "2921"]
[BlackElo "2572"]
[Result "1-0"]
[Round "2"]
[TimeControl "180+1"]
[Date "2023.08.22"]
[WhiteClock "0:00:58"]
[BlackClock "0:00:00"]
[Board "36"]

1. d4 Nf6 2. Bf4 e6 3. e3 c5 4. c3 d5 5. Nd2 Bd6 6. Bb5+ Nc6 7. Bg3 O-O 8. Ngf3 h6 9. O-O Bxg3 10. hxg3 cxd4 11. exd4 Bd7 12. Bd3 a6 13. a4 Rb8 14. Re1 b5 15. axb5 axb5 16. b4 Bc8 17. Nb3 Nd7 18. Bc2 Qf6 19. Qd3 g6 20. Qe3 Kg7 21. Nc5 Nxc5 22. dxc5 Re8 23. Nd4 e5 24. Nxc6 Qxc6 25. f3 Ra8 26. Bb3 Bd7 27. Red1 Rxa1 28. Rxa1 f6 29. Qd2 Be6 30. Ra7+ Kg8 31. Qxh6 Bf7 32. Qd2 Ra8 33. Qa2 Rxa7 34. Qxa7 Be6 35. Qe7 Qa6 36. Qxf6 1-0


[Site "https://www.chess.com"]

[Event "Titled Tuesday Blitz August 22 Late 2023"]
[White "Willy, Stephen"]
[Black "Sanal, Vahap"]
[WhiteFideId "30981468"]
[BlackFideId "6300545"]
[WhiteElo "2565"]
[BlackElo "2917"]
[Result "0-1"]
[Round "2"]
[TimeControl "180+1"]
[Date "2023.08.22"]
[WhiteClock "0:00:01"]
[BlackClock "0:00:07"]
[Board "37"]

1. e4 d6 2. d4 Nf6 3. Nc3 e5 4. Nf3 Nbd7 5. h3 Be7 6. Be3 c6 7. Qd2 b5 8. Bd3 Bb7 9. Ne2 c5 10. dxe5 Nxe4 11. Bxe4 Bxe4 12. exd6 Bf6 13. Nc3 Bxf3 14. gxf3 Ne5 15. Qe2 O-O 16. Bxc5 b4 17. Ne4 Nd7 18. Bxb4 Bxb2 19. Rb1 Be5 20. O-O Qh4 21. Kg2 Rae8 22. Qd2 Re6 23. Rh1 Rg6+ 24. Kf1 Qh5 25. Qd3 Bf4 26. Ke2 Ne5 27. Qb3 Re6 28. d7 Nxf3 29. Bxf8 Nd4+ 30. Kd3 Qe2+ 31. Kxd4 Rxe4+ 32. Kd5 Re5+ 33. Kc6 Qa6+ 34. Kc7 Rb5+ 35. Kd8 Qf6+ 36. Be7 Bc7+ 37. Kxc7 Qb6+ 38. Kc8 Qb8# 0-1


[Site "https://www.chess.com"]

[Event "Titled Tuesday Blitz August 22 Late 2023"]
[White "Quesada Perez, Yasser"]
[Black "Souleidis, Georgios"]
[WhiteFideId "3509362"]
[BlackFideId "4206827"]
[WhiteElo "2915"]
[BlackElo "2563"]
[Result "1-0"]
[Round "2"]
[TimeControl "180+1"]
[Date "2023.08.22"]
[WhiteClock "0:00:47"]
[BlackClock "0:00:00"]
[Board "38"]

1. e4 c5 2. c3 d5 3. exd5 Qxd5 4. d4 Nf6 5. Nf3 Bg4 6. Be2 e6 7. Na3 cxd4 8. Nb5 Qd8 9. Qxd4 Nc6 10. Qxd8+ Rxd8 11. h3 Bh5 12. Be3 Nd5 13. Bxa7 Nxa7 14. Nxa7 Bc5 15. Nb5 Nf4 16. g4 Bg6 17. Ne5 Be4 18. f3 Bc2 19. Nd4 Bxd4 20. cxd4 Rxd4 21. Rc1 Rd5 22. Nxf7 Kxf7 23. Rxc2 Rhd8 24. Rh2 g5 25. h4 gxh4 26. Rc4 Nxe2 27. Rxe2 Rd1+ 28. Kf2 h3 29. Kg3 R8d2 30. Rce4 Rxe2 31. Rxe2 Rf1 32. Rf2 Ra1 33. a3 Rh1 34. Rh2 Rg1+ 35. Kxh3 e5 36. Re2 Kf6 37. Re4 h6 38. Rb4 1-0


[Site "https://www.chess.com"]

[Event "Titled Tuesday Blitz August 22 Late 2023"]
[White "Chor, Kevin"]
[Black "Ibarra Jerez, Jose Carlos"]
[WhiteFideId "2090740"]
[BlackFideId "2226332"]
[WhiteElo "2563"]
[BlackElo "2911"]
[Result "1-0"]
[Round "2"]
[TimeControl "180+1"]
[Date "2023.08.22"]
[WhiteClock "0:00:09"]
[BlackClock "0:00:03"]
[Board "39"]

1. e4 c5 2. Nf3 e6 3. d4 cxd4 4. Nxd4 Bc5 5. Nb3 Bb6 6. Nc3 Ne7 7. Be2 O-O 8. O-O f5 9. Bg5 fxe4 10. Nxe4 d5 11. Ng3 Nbc6 12. c4 h6 13. cxd5 exd5 14. Bxe7 Qxe7 15. Qxd5+ Be6 16. Qe4 Qf7 17. Rad1 g6 18. Rd6 Rae8 19. Rxe6 Rxe6 20. Bc4 Nd8 21. Qc2 Kh7 22. Bxe6 Nxe6 23. h3 Nf4 24. Kh2 Bc7 25. Rc1 Bb8 26. Qc4 Qxc4 27. Rxc4 Nd3 28. Rd4 Nxf2 29. Rd7+ Kg8 30. Rxb7 h5 31. h4 Ng4+ 32. Kh3 Be5 33. Nc5 Nf2+ 34. Kh2 Rf4 35. Kg1 Bd4 36. Rb8+ Kg7 37. Ne6+ Kf6 38. Nxd4 Nd3 39. Rf8+ Ke5 40. Nc6+ Kd6 41. Rxf4 Nxf4 42. Nxa7 Nd3 43. b3 Nc1 44. Nb5+ Kc5 45. Nc3 Kb4 46. Nge4 Nd3 47. Kf1 Ne5 48. Ke2 Nf7 49. Ke3 Nh6 50. Kf4 Nf7 51. g3 Ka3 52. Ng5 Nd6 53. Ke5 Nf5 54. Nce4 Kxa2 55. Kf6 Kxb3 56. Kxg6 Ne3 57. Kxh5 Kc4 58. Kg6 Kd5 59. h5 Ng4 60. Nf6+ 1-0


[Site "https://www.chess.com"]

[Event "Titled Tuesday Blitz August 22 Late 2023"]
[White "Rasulov, Vugar"]
[Black "Musovic, Armin"]
[WhiteFideId "13402390"]
[BlackFideId "939935"]
[WhiteElo "2898"]
[BlackElo "2562"]
[Result "1-0"]
[Round "2"]
[TimeControl "180+1"]
[Date "2023.08.22"]
[WhiteClock "0:01:47"]
[BlackClock "0:01:06"]
[Board "40"]

1. c4 c5 2. Nc3 g6 3. e3 Bg7 4. d4 cxd4 5. exd4 Nf6 6. d5 d6 7. Nf3 Nbd7 8. Be2 O-O 9. O-O a6 10. Re1 Re8 11. Bf1 h6 12. h3 g5 13. Be3 b5 14. Nd4 Ne5 15. cxb5 axb5 16. Bxb5 Bd7 17. Nc6 Bxc6 18. dxc6 Qa5 19. Bd4 Reb8 20. a4 Qc7 21. Bxe5 dxe5 22. Rc1 e6 23. Qf3 e4 24. Nxe4 Nxe4 25. Qxe4 Bxb2 26. Rcd1 Bc3 27. Rd7 Qa5 28. Red1 Bg7 29. h4 Rc8 30. hxg5 hxg5 31. g3 Qc3 32. Kg2 Qf6 33. c7 Qc3 34. Rd8+ Bf8 35. Qe3 Qxe3 36. fxe3 Kg7 37. Rxc8 Rxc8 38. Rd7 Bd6 39. Rxd6 Rxc7 40. Rd2 Rc3 41. Ra2 Rxe3 42. a5 Rc3 43. a6 Rc8 44. a7 1-0


[Site "https://www.chess.com"]

[Event "Titled Tuesday Blitz August 22 Late 2023"]
[White "Erdogan, Anil Berk"]
[Black "Grigorjev, Iljya"]
[WhiteFideId "6348173"]
[BlackFideId "24159565"]
[WhiteElo "2560"]
[BlackElo "2893"]
[Result "0-1"]
[Round "2"]
[TimeControl "180+1"]
[Date "2023.08.22"]
[WhiteClock "0:00:00"]
[BlackClock "0:00:39"]
[Board "41"]

1. e4 e5 2. Nf3 Nc6 3. Bb5 a6 4. Ba4 Nf6 5. Bxc6 dxc6 6. d3 Bd6 7. Nbd2 Be6 8. Qe2 Nd7 9. Nc4 O-O 10. Bd2 b5 11. Ne3 c5 12. h4 f6 13. h5 Nb8 14. Nh4 Nc6 15. c3 Rf7 16. Nhf5 Bf8 17. Rh3 Kh8 18. Rg3 Rd7 19. Ng4 c4 20. d4 exd4 21. cxd4 Nxd4 22. Nxd4 Rxd4 23. Bc3 Rd3 24. h6 Rxg3 25. fxg3 Qe7 26. O-O-O b4 27. Bd4 c5 28. hxg7+ Bxg7 29. Be3 c3 30. Rh1 cxb2+ 31. Kb1 Qf7 32. Qxb2 Bxg4 33. Bxc5 a5 34. e5 fxe5 35. Bd6 Bf5+ 36. Ka1 Qe6 37. Rd1 e4 38. Be5 Bxe5 0-1


[Site "https://www.chess.com"]

[Event "Titled Tuesday Blitz August 22 Late 2023"]
[White "Sjugirov, Sanan"]
[Black "Kozusek, Daniel"]
[WhiteFideId "4189302"]
[BlackFideId "349500"]
[WhiteElo "2891"]
[BlackElo "2559"]
[Result "0-1"]
[Round "2"]
[TimeControl "180+1"]
[Date "2023.08.22"]
[WhiteClock "0:00:04"]
[BlackClock "0:00:06"]
[Board "42"]

1. c4 e6 2. Nc3 d5 3. d4 Bb4 4. a3 Bxc3+ 5. bxc3 c6 6. e3 Nf6 7. Bd3 O-O 8. Ne2 b6 9. cxd5 cxd5 10. c4 Ba6 11. cxd5 Bxd3 12. Qxd3 Qxd5 13. O-O Nc6 14. Nc3 Qd7 15. Rd1 Rfd8 16. Bb2 Rac8 17. Rac1 Na5 18. Nb1 Rxc1 19. Rxc1 Rc8 20. Rxc8+ Qxc8 21. Nd2 h6 22. h3 Qc6 23. e4 Qd7 24. d5 Ne8 25. Nf3 exd5 26. exd5 Nc7 27. d6 Ne8 28. Qe4 Nxd6 29. Qd5 Nac4 30. Bc3 Qb7 31. Qd4 f5 32. Ne5 Nxe5 33. Qxe5 Ne4 34. Bd4 Qf7 35. a4 Kh7 36. f3 Ng5 37. Kh2 Ne6 38. Bc3 Qc7 39. Kg3 Qxe5+ 40. Bxe5 Nc5 41. Bb8 a6 42. a5 bxa5 43. Kf4 Kg6 44. Bd6 Nd7 45. Ke3 Nb6 46. Kd4 Kf7 47. Kc5 Nd7+ 48. Kc6 Ke6 49. Ba3 Ne5+ 50. Kb6 Nc4+ 51. Kxa6 Nxa3 52. Kxa5 Nc4+ 53. Kb4 Ne3 0-1


[Site "https://www.chess.com"]

[Event "Titled Tuesday Blitz August 22 Late 2023"]
[White "Ilkhomi, Jaloliddin"]
[Black "Kravtsiv, Martyn"]
[WhiteFideId "14700948"]
[BlackFideId "14113147"]
[WhiteElo "2557"]
[BlackElo "2888"]
[Result "0-1"]
[Round "2"]
[TimeControl "180+1"]
[Date "2023.08.22"]
[WhiteClock "0:00:01"]
[BlackClock "0:00:08"]
[Board "43"]

1. d4 Nf6 2. Nf3 e6 3. Bf4 b6 4. Nbd2 Bb7 5. c3 d5 6. e3 Bd6 7. Bd3 c5 8. Bxd6 Qxd6 9. Ne5 O-O 10. O-O g6 11. f4 Nh5 12. g4 Ng7 13. f5 exf5 14. gxf5 Nd7 15. Ndf3 gxf5 16. Nxd7 Qxd7 17. Ne5 Qe6 18. Qd2 Rae8 19. Rae1 Kh8 20. Rf2 f6 21. Nf3 f4 22. exf4 Qg4+ 23. Kh1 Rxe1+ 24. Nxe1 Re8 25. Rg2 Qe6 26. Re2 Qf7 27. Nf3 Bc8 28. Rxe8+ Qxe8 29. Qf2 Bg4 30. Kg2 Qh5 31. Qg3 Nf5 32. Bxf5 Qxf5 33. h3 Qc2+ 34. Qf2 Bxh3+ 35. Kg3 Qxf2+ 36. Kxf2 Kg7 37. Kg3 Bf5 38. Nh4 Bb1 39. a3 Be4 40. Kg4 Kf7 41. Kh5 cxd4 42. cxd4 Kg7 43. Kg4 a5 44. b4 a4 45. Kh5 Kf7 46. Kg4 Kf8 47. Kh5 Kg7 48. Kg4 Kh6 49. f5 Kg7 50. Kf4 Kf7 51. Kg4 Kg7 52. Kh5 Kg8 53. Kh6 Kh8 54. Kh5 Kg7 55. Kg4 Kh6 56. b5 Kg7 57. Kh5 Kg8 58. Kg4 Kf7 59. Kh3 Kg7 60. Kg3 Kh6 61. Kg4 Bd3 62. Nf3 Be2 63. Kg3 Bxf3 64. Kxf3 Kg5 0-1


[Site "https://www.chess.com"]

[Event "Titled Tuesday Blitz August 22 Late 2023"]
[White "Elsa167"]
[Black "angelgab3"]
[WhiteElo "2885"]
[BlackElo "2557"]
[Result "1-0"]
[Round "2"]
[TimeControl "180+1"]
[Date "2023.08.22"]
[WhiteClock "0:01:03"]
[BlackClock "0:00:46"]
[Board "44"]

1. d4 Nf6 2. c4 e6 3. Nf3 d5 4. Nc3 dxc4 5. e4 b5 6. e5 Nd5 7. Nxb5 Nb6 8. g3 Bb7 9. Bg2 Be7 10. O-O O-O 11. Be3 Nc6 12. Nc3 Nb4 13. Nd2 Bxg2 14. Kxg2 Rb8 15. Qg4 Kh8 16. h4 N4d5 17. Nde4 Qd7 18. Bg5 f5 19. exf6 Nxf6 20. Bxf6 Bxf6 21. Nc5 Qxd4 22. Qxd4 Bxd4 23. Nxe6 Bxc3 24. bxc3 Rf7 25. Rfe1 Nd5 26. Rab1 Rxb1 27. Rxb1 h6 28. Rb8+ Kh7 29. Nf8+ Kg8 30. Ng6+ Kh7 31. h5 1-0


[Site "https://www.chess.com"]

[Event "Titled Tuesday Blitz August 22 Late 2023"]
[White "Moskalenko, Alexander"]
[Black "Siniauski, Artsiom"]
[WhiteFideId "4155351"]
[BlackFideId "13512269"]
[WhiteElo "2874"]
[BlackElo "2556"]
[Result "0-1"]
[Round "2"]
[TimeControl "180+1"]
[Date "2023.08.22"]
[WhiteClock "0:01:00"]
[BlackClock "0:00:14"]
[Board "45"]

1. Nf3 Nf6 2. g3 d5 3. Bg2 e6 4. c4 Be7 5. b3 O-O 6. Bb2 c6 7. O-O b6 8. d4 Bb7 9. Nc3 Nbd7 10. Rc1 Rc8 11. e3 Qc7 12. cxd5 exd5 13. Nh4 Qb8 14. Nf5 Rfe8 15. Nxe7+ Rxe7 16. Rc2 Nf8 17. Ba3 Ree8 18. Qf3 a5 19. Rfc1 Rcd8 20. Ne2 Ne6 21. h4 Ba8 22. Qf5 Qa7 23. Nf4 Nxf4 24. Qxf4 Ne4 25. Bf1 Re6 26. Bd3 Qd7 27. Qg4 Rde8 28. Bb2 Qd8 29. Qd1 h6 30. Bf1 Qf6 31. Bg2 Qg6 32. Bh3 Rf6 33. Qg4 Qh7 34. Bg2 Rfe6 35. a4 f5 36. Qf4 g5 37. hxg5 hxg5 38. Qe5 Rxe5 39. dxe5 Kf7 40. Rxc6 Bxc6 41. Rxc6 Qh5 42. Bf1 Qf3 43. Rc2 Ke6 44. Rc6+ Kd7 45. Rc2 Re6 46. Bb5+ Kd8 47. Bf1 Rh6 48. Bg2 Qd1+ 0-1


[Site "https://www.chess.com"]

[Event "Titled Tuesday Blitz August 22 Late 2023"]
[White "Przybylski, Wojciech"]
[Black "Zierk, Steven"]
[WhiteFideId "1117599"]
[BlackFideId "2034255"]
[WhiteElo "2554"]
[BlackElo "2873"]
[Result "1-0"]
[Round "2"]
[TimeControl "180+1"]
[Date "2023.08.22"]
[WhiteClock "0:00:09"]
[BlackClock "0:00:08"]
[Board "46"]

1. d4 d5 2. g3 Nf6 3. Bg2 c6 4. Nf3 Bg4 5. O-O Nbd7 6. c4 e6 7. h3 Bf5 8. Nc3 h6 9. Re1 Be7 10. Nd2 O-O 11. e4 dxe4 12. Ndxe4 Nxe4 13. Nxe4 Nf6 14. Nc3 Qb6 15. b3 Rfd8 16. Be3 Bb4 17. Na4 Qc7 18. Re2 e5 19. d5 cxd5 20. cxd5 b5 21. a3 Bf8 22. Rc1 Qa5 23. Nc5 Qxa3 24. Nb7 Rd7 25. d6 Ne4 26. Bxe4 Bxe4 27. Ra1 Qxa1 28. Qxa1 Bxb7 29. Bc5 f6 30. b4 Bd5 31. Rd2 Bc4 32. f4 exf4 33. gxf4 Rad8 34. Qd1 Re8 35. Qg4 Re1+ 36. Kf2 Re6 37. Qf5 Bxd6 38. Bxd6 Rdxd6 39. Rxd6 Rxd6 40. Qc8+ Kh7 41. h4 Rd2+ 42. Ke3 Rd3+ 43. Kf2 Rd5 44. Qe8 Rf5 45. Qe4 g6 46. Qe7+ Kg8 47. Ke3 Bf7 48. Qd8+ Kg7 49. Qd7 a6 50. Qb7 g5 51. hxg5 fxg5 52. fxg5 hxg5 53. Qxa6 g4 54. Qd6 Rg5 55. Qf4 Rg6 56. Qd4+ Kg8 57. Qd8+ Kh7 58. Qh4+ Kg7 59. Qg3 Re6+ 60. Kd4 Rg6 61. Ke5 Bc4 62. Kf5 Rf6+ 63. Ke5 Be2 64. Qh4 Rg6 65. Qe7+ Kh6 66. Kf4 Bf3 67. Qf8+ Kh7 68. Qf7+ Rg7 69. Qh5+ Kg8 70. Qe8+ Kh7 71. Qxb5 Rf7+ 72. Kg3 Kg6 73. Qb6+ Kf5 74. Qd4 Rb7 75. Qc5+ Ke6 76. b5 Kd7 77. Kf4 Rc7 78. Qd4+ Kc8 79. b6 Rc6 80. Qb4 Kb7 81. Kg3 Rxb6 82. Qe7+ Ka6 83. Qa3+ Kb5 84. Qc3 Rc6 85. Qd3+ Kc5 86. Kf4 Rd6 87. Qa3+ Kd5 88. Qb3+ Kd4 89. Qb4+ Kd5 90. Qb5+ Kd4 91. Qe5+ Kd3 92. Qxd6+ Ke2 93. Qc5 Kd3 94. Qe3+ Kc4 95. Qf2 Kd3 96. Ke5 Kc3 97. Qe3+ Kc4 98. Qd2 Bc6 99. Qc2+ Kb5 100. Kd6 Bf3 101. Qb3+ Ka6 102. Kc5 Ka7 103. Qb6+ Ka8 104. Kd6 g3 105. Kc7 1-0


[Site "https://www.chess.com"]

[Event "Titled Tuesday Blitz August 22 Late 2023"]
[White "Kashefi, Amir Hosein"]
[Black "Rustemov, Alexander"]
[WhiteFideId "12557935"]
[BlackFideId "4119002"]
[WhiteElo "2553"]
[BlackElo "2864"]
[Result "0-1"]
[Round "2"]
[TimeControl "180+1"]
[Date "2023.08.22"]
[WhiteClock "0:00:01"]
[BlackClock "0:00:12"]
[Board "47"]

1. d4 g6 2. Nf3 Bg7 3. g3 c5 4. c3 b6 5. Bg2 Bb7 6. O-O Nf6 7. Bg5 Ne4 8. Bf4 d5 9. Bxb8 Rxb8 10. Qa4+ Qd7 11. Qxd7+ Kxd7 12. e3 e6 13. Nbd2 Nd6 14. Rfe1 Ke7 15. Rad1 Rhc8 16. a3 Rc7 17. h4 h6 18. Bf1 Rbc8 19. Bd3 a5 20. Bb1 Bc6 21. e4 dxe4 22. dxc5 exf3 23. cxd6+ Kxd6 24. Nxf3+ Ke7 25. Be4 Be8 26. Rd2 b5 27. Red1 Rb8 28. Nd4 b4 29. axb4 axb4 30. cxb4 Rxb4 31. Kg2 Rcc4 32. Nc2 Rxe4 33. Nxb4 Rxb4 34. Rc1 Rb7 35. b4 Be5 36. Rc4 Bb5 37. Rc5 Bd6 38. Rc8 Bxb4 39. Rdd8 Bc6+ 40. Kh3 Bd5 41. Re8+ Kf6 42. g4 Be1 43. Rc2 Rb3+ 44. Kh2 Bb4 45. Rh8 Bd6+ 46. f4 Bxf4+ 47. Kg1 Rg3+ 48. Kf2 Rxg4 49. Rcc8 h5 50. Rh7 e5 51. Rd8 Be6 52. Rf8 Rxh4 53. Kf3 Rh3+ 54. Kg2 Rg3+ 55. Kh2 e4 56. Kh1 e3 57. Ra8 Bd5+ 58. Kh2 Rg2+ 59. Kh3 Rh2# 0-1


[Site "https://www.chess.com"]

[Event "Titled Tuesday Blitz August 22 Late 2023"]
[White "Bartel, Mateusz"]
[Black "reevecanada"]
[WhiteFideId "1112635"]
[WhiteElo "2861"]
[BlackElo "2551"]
[Result "1-0"]
[Round "2"]
[TimeControl "180+1"]
[Date "2023.08.22"]
[WhiteClock "0:00:11"]
[BlackClock "0:00:08"]
[Board "48"]

1. e4 c5 2. Nf3 d6 3. Nc3 Nf6 4. d4 cxd4 5. Qxd4 Nc6 6. Qd3 g6 7. Nd5 Bg7 8. c3 O-O 9. Bg5 e6 10. Nxf6+ Bxf6 11. Bxf6 Qxf6 12. Qxd6 Rd8 13. Qc5 Qf4 14. Qe3 Qxe3+ 15. fxe3 e5 16. Bc4 Kg7 17. Kf2 f6 18. Rhd1 Bd7 19. Rd6 Be8 20. Rad1 Rxd6 21. Rxd6 Rd8 22. Rxd8 Nxd8 23. Bd5 b6 24. Nd2 Nf7 25. Bxf7 Kxf7 26. Ke2 Bb5+ 27. c4 Bc6 28. Kd3 Ke6 29. g3 h5 30. h4 f5 31. b4 a6 32. a3 Bb7 33. c5 b5 34. exf5+ Kxf5 35. Ke2 Kg4 36. Kf2 Kf5 37. e4+ Ke6 38. Ke3 Bc6 39. Nf3 Bb7 40. Ng5+ Kf6 41. Kf3 Bc6 42. g4 Bd7 43. gxh5 gxh5 44. Ke3 Bc6 45. Nf3 Bb7 46. Ng1 Bc6 47. Ne2 Bb7 48. Ng3 Kg6 49. Nf5 Kf6 50. Ng3 Kg6 51. Kd3 Bc6 52. Kc3 Bb7 53. Kb2 Bc6 54. Kb3 Bd7 55. Kc2 Bc6 56. Kd3 Bd7 57. Nf5 Kf6 58. Nd6 Bc6 59. Kc3 Ke6 60. Kb2 Kf6 61. Kc2 Ke6 62. Kd3 Kf6 63. Nf5 Be8 64. Ne3 Bc6 65. Nd5+ Ke6 66. Nc7+ Kd7 67. Nd5 Ke6 68. Nc3 Bb7 69. a4 Bc6 70. a5 Bb7 71. Nd5 Bc6 72. Ne3 Kf6 73. Nf5 Bd7 74. Ke3 Bc6 75. Nd6 Ke6 76. Nf5 Kf6 77. Ng3 Kg6 78. Ne2 Bd7 79. Nc3 Bc6 80. Nd5 Kf7 81. Nc7 Ke7 82. Nxa6 Kd8 83. Nb8 Ba8 84. c6 Kc7 85. Na6+ Kxc6 86. Nc5 Kd6 87. Nd3 Bc6 88. Ne1 Ba8 89. Nf3 Ke6 90. Ng5+ Kf6 91. Kd3 Bc6 92. Nh3 Ba8 93. Nf2 Bc6 94. Nd1 Ba8 95. Nc3 Bc6 96. Nd5+ Ke6 97. Ke3 Kd6 98. Nf6 Ke6 99. Nxh5 Be8 100. Ng7+ Kf6 101. Nxe8+ 1-0


[Site "https://www.chess.com"]

[Event "Titled Tuesday Blitz August 22 Late 2023"]
[White "Shapiro, Viktor"]
[Black "Durarbayli, Vasif"]
[WhiteFideId "4175700"]
[BlackFideId "13402935"]
[WhiteElo "2550"]
[BlackElo "2858"]
[Result "0-1"]
[Round "2"]
[TimeControl "180+1"]
[Date "2023.08.22"]
[WhiteClock "0:00:25"]
[BlackClock "0:01:46"]
[Board "49"]

1. Nf3 c5 2. c4 Nf6 3. Nc3 e6 4. g3 b6 5. Bg2 Bb7 6. O-O Be7 7. d3 d5 8. Bd2 O-O 9. a3 d4 10. Na4 a5 11. Rb1 Bc6 12. Ne5 Bxg2 13. Kxg2 Nfd7 14. Nf3 Nc6 15. e3 dxe3 16. Bxe3 Nde5 17. Nxe5 Nxe5 18. d4 Nxc4 19. dxc5 Nxe3+ 20. fxe3 bxc5 21. Qc2 Qd5+ 22. e4 Qc6 23. Rbc1 Rad8 24. b4 axb4 25. axb4 Rd4 26. Nxc5 Rxb4 27. Rfe1 Rc8 28. Red1 h6 29. Qd2 Bxc5 30. Qxb4 Bxb4 31. Rxc6 Rxc6 0-1


[Site "https://www.chess.com"]

[Event "Titled Tuesday Blitz August 22 Late 2023"]
[White "Lenderman, Aleksandr"]
[Black "brm72"]
[WhiteFideId "2021285"]
[WhiteElo "2856"]
[BlackElo "2550"]
[Result "0-1"]
[Round "2"]
[TimeControl "180+1"]
[Date "2023.08.22"]
[WhiteClock "0:00:39"]
[BlackClock "0:00:29"]
[Board "50"]

1. Nf3 c5 2. b3 Nc6 3. Bb2 d6 4. e3 e5 5. d4 cxd4 6. exd4 e4 7. d5 exf3 8. dxc6 Qe7+ 9. Kd2 Qg5+ 10. Ke1 fxg2 11. Qe2+ Kd8 12. Bxg2 Qxg2 13. Rf1 bxc6 14. Nd2 Nf6 15. Bxf6+ gxf6 16. Ne4 Ba6 17. c4 f5 18. Nc5 dxc5 19. Rd1+ Kc7 20. Qe5+ Kb6 21. Kd2 Bh6+ 22. Kc2 Qe4+ 23. Qxe4 fxe4 24. Rd6 Bf4 25. Rf6 Bxh2 26. Rh1 Be5 27. Rxf7 Bd4 28. Rh6 Raf8 29. Rhxh7 Rxf7 30. Rxf7 Rh2 0-1


[Site "https://www.chess.com"]

[Event "Titled Tuesday Blitz August 22 Late 2023"]
[White "Roebers, Eline"]
[Black "Asadli, Vugar"]
[WhiteFideId "1058401"]
[BlackFideId "13405764"]
[WhiteElo "2550"]
[BlackElo "2848"]
[Result "0-1"]
[Round "2"]
[TimeControl "180+1"]
[Date "2023.08.22"]
[WhiteClock "0:00:34"]
[BlackClock "0:01:25"]
[Board "51"]

1. e4 c5 2. Nf3 e6 3. d4 cxd4 4. Nxd4 Nf6 5. Nc3 Nc6 6. Nxc6 bxc6 7. e5 Nd5 8. Ne4 Qc7 9. f4 Qb6 10. a3 f5 11. exf6 Nxf6 12. Nxf6+ gxf6 13. Qh5+ Kd8 14. Bd3 a5 15. Bd2 Bc5 16. O-O-O Bd4 17. b3 Qc5 18. Qxc5 Bxc5 19. Kb2 Bd4+ 20. Bc3 Bxc3+ 21. Kxc3 h5 22. Rhe1 Kc7 23. g3 d5 24. Re2 Kd6 25. Rde1 c5 26. Bb5 Ra7 27. Kd3 Rg7 28. c3 h4 29. Re3 hxg3 30. hxg3 Rh3 31. Rg1 e5 32. fxe5+ fxe5 33. b4 axb4 34. axb4 cxb4 35. cxb4 d4 36. Rf3 e4+ 37. Kxe4 Bb7+ 38. Kf4 Rf7+ 39. Kg4 Bxf3+ 40. Kxh3 Rh7# 0-1


[Site "https://www.chess.com"]

[Event "Titled Tuesday Blitz August 22 Late 2023"]
[White "Pakleza, Zbigniew"]
[Black "HamedWafa4"]
[WhiteFideId "1119290"]
[WhiteElo "2836"]
[BlackElo "2546"]
[Result "1-0"]
[Round "2"]
[TimeControl "180+1"]
[Date "2023.08.22"]
[WhiteClock "0:00:05"]
[BlackClock "0:00:07"]
[Board "52"]

1. d4 Nf6 2. Nf3 c5 3. c3 b6 4. Bf4 Bb7 5. e3 e6 6. Nbd2 Be7 7. h3 O-O 8. Bd3 d6 9. Qe2 a6 10. O-O b5 11. e4 Nbd7 12. e5 dxe5 13. dxe5 Nd5 14. Bg3 c4 15. Bc2 Nc5 16. Rad1 Qc7 17. Ne4 Nxe4 18. Qxe4 g6 19. Qg4 Rad8 20. Bh4 Bxh4 21. Qxh4 Kg7 22. Rd4 Qe7 23. Qg3 Nc7 24. Rfd1 Rxd4 25. Nxd4 Rd8 26. f4 Kh8 27. a3 Ne8 28. Kh2 Ng7 29. Qf2 Qc7 30. g4 Kg8 31. Kg3 Ne8 32. Rd2 Ng7 33. Qe3 Bd5 34. Ne2 Bb7 35. Rxd8+ Qxd8 36. Qd4 Qc7 37. Qd6 Qxd6 38. exd6 Kf8 39. f5 gxf5 40. gxf5 Ke8 41. fxe6 fxe6 42. Bxh7 Kd7 43. h4 Kxd6 44. Bg6 Ke7 45. h5 Kf6 46. Nf4 e5 47. Nh3 Ne6 48. Kh4 Nc5 49. Nf2 e4 50. Ng4+ Ke7 51. Kg5 Ne6+ 52. Kf5 Ng7+ 53. Ke5 Bc8 54. Ne3 Bb7 55. h6 Ne6 56. h7 Nf8 57. Bf5 Nxh7 58. Bxh7 Kd7 59. Bxe4 Kc7 60. Bxb7 Kxb7 61. Kd5 Kb6 62. Nxc4+ bxc4 63. Kxc4 Ka5 64. b3 1-0


[Site "https://www.chess.com"]